[ AOE2 MATCH · #507382447 ]
UnrankedByzantines vs Magyars
Player's team · WIN
Rival team · LOSS
[ REPLAY ANALYSIS · EXTRACTED FROM THE RECORDED GAME ]
Feudal
10:08
Castle
29:01
Imperial
46:04
| APM avg | 54.0 |
| APM peak | 99 |
| eAPM avg | 29.2 |
| Villagers / military | 169 / 132 |
Focus
⚔️ 25.7% · 🌾 74.3%
Camel Scout ×64 · Hand Cannoneer ×49 · Spearman ×8 · Trebuchet (Packed) ×7 · Monk ×2 · Bombard Cannon ×2
Feudal
8:38
Castle
21:08
Imperial
46:07
| APM avg | 42.3 |
| APM peak | 84 |
| eAPM avg | 23.3 |
| Villagers / military | 119 / 251 |
Focus
⚔️ 62.0% · 🌾 38.0%
Spearman ×138 · Skirmisher ×57 · Scout Cavalry ×23 · Battering Ram ×12 · Cavalry Archer ×6 · Archer ×4
Match map
Initial resources + every placement click. Lines = walls · curves = elevation contours. ◆ gold · ⬟ stone · ● berries · ✦ relic · ◌ wall gap
Your base· ✓ Closed at 29:01 · 84t walls · 1 gate(s)
[LMB] Vortex's base· ✓ Closed at 21:08 · 17t walls · no gate
Smoothed initial terrain · ◌ = detected wall gap · hover for details
Inputs per minute
— SUMMER - - [LMB] Vortex
Build order — SUMMER
First 150 of 506 actions detected
| 0:01 | Create | Villager (Male) |
| 0:01 | Create | Villager (Male) |
| 0:01 | Create | Villager (Male) |
| 0:01 | Create | Villager (Male) |
| 0:03 | Build | House |
| 0:05 | Build | House |
| 1:34 | Create | Villager (Male) |
| 1:34 | Create | Villager (Male) |
| 1:55 | Build | Lumber Camp |
| 2:08 | Create | Villager (Male) |
| 2:08 | Create | Villager (Male) |
| 2:29 | Create | Villager (Male) |
| 2:29 | Create | Villager (Male) |
| 2:30 | Create | Villager (Male) |
| 2:50 | Create | Villager (Male) |
| 2:50 | Create | Villager (Male) |
| 3:12 | Create | Villager (Male) |
| 3:13 | Create | Villager (Male) |
| 3:18 | Build | House |
| 3:18 | Build | House |
| 3:23 | Build | House |
| 3:36 | Create | Villager (Male) |
| 3:37 | Create | Villager (Male) |
| 4:09 | Create | Villager (Male) |
| 4:10 | Create | Villager (Male) |
| 4:36 | Create | Villager (Male) |
| 4:37 | Create | Villager (Male) |
| 5:01 | Build | Mill |
| 5:15 | Create | Villager (Male) |
| 5:15 | Create | Villager (Male) |
| 5:16 | Create | Villager (Male) |
| 6:07 | Create | Villager (Male) |
| 6:32 | Create | Villager (Male) |
| 6:33 | Create | Villager (Male) |
| 7:09 | Research | Loom |
| 7:29 | Research | Feudal Age |
| 7:36 | Build | Lumber Camp |
| 8:22 | Build | Palisade Wall |
| 8:57 | Build | Palisade Wall |
| 9:27 | Build | Barracks |
| 9:33 | Build | Palisade Wall |
| 9:46 | Build | Barracks |
| 9:51 | Build | Palisade Wall |
| 10:03 | Create | Villager (Male) |
| 10:08 | Age | Feudal Age |
| 10:14 | Research | Double-Bit Axe |
| 10:14 | Research | Double-Bit Axe |
| 10:41 | Create | Spearman |
| 10:41 | Create | Spearman |
| 10:48 | Create | Spearman |
| 10:56 | Create | Spearman |
| 10:57 | Create | Spearman |
| 11:04 | Create | Spearman |
| 11:04 | Create | Spearman |
| 11:16 | Create | Spearman |
| 11:43 | Create | Villager (Male) |
| 11:51 | Build | House |
| 12:23 | Build | House |
| 12:32 | Create | Villager (Male) |
| 12:33 | Create | Villager (Male) |
| 12:54 | Build | Farm |
| 12:55 | Build | Farm |
| 12:55 | Build | Farm |
| 12:55 | Build | Farm |
| 13:03 | Build | Farm |
| 13:06 | Build | Farm |
| 13:16 | Build | Farm |
| 13:21 | Create | Villager (Male) |
| 13:26 | Build | House |
| 13:31 | Build | Palisade Wall |
| 13:38 | Build | Palisade Wall |
| 13:42 | Build | Mining Camp |
| 13:47 | Create | Villager (Male) |
| 13:55 | Build | Palisade Wall |
| 14:00 | Create | Villager (Male) |
| 14:06 | Create | Villager (Male) |
| 14:06 | Create | Villager (Male) |
| 14:15 | Build | Palisade Wall |
| 14:27 | Build | Gate |
| 15:32 | Create | Villager (Male) |
| 15:37 | Create | Villager (Male) |
| 15:48 | Create | Villager (Male) |
| 16:09 | Create | Villager (Male) |
| 16:10 | Create | Villager (Male) |
| 16:10 | Create | Villager (Male) |
| 16:21 | Build | Farm |
| 16:31 | Build | Farm |
| 16:32 | Create | Villager (Male) |
| 16:33 | Create | Villager (Male) |
| 16:46 | Create | Villager (Male) |
| 16:53 | Build | House |
| 17:02 | Build | Watch Tower |
| 17:14 | Build | Watch Tower |
| 17:19 | Create | Villager (Male) |
| 17:37 | Create | Villager (Male) |
| 17:39 | Build | Farm |
| 17:41 | Build | Farm |
| 17:50 | Create | Villager (Male) |
| 17:58 | Create | Villager (Male) |
| 17:58 | Create | Villager (Male) |
| 18:11 | Build | Watch Tower |
| 18:12 | Create | Villager (Male) |
| 18:19 | Build | Farm |
| 18:37 | Create | Villager (Male) |
| 18:39 | Build | Mining Camp |
| 18:39 | Create | Villager (Male) |
| 18:42 | Create | Villager (Male) |
| 18:48 | Build | Blacksmith |
| 18:58 | Build | Outpost |
| 19:04 | Create | Villager (Male) |
| 19:05 | Create | Villager (Male) |
| 19:11 | Build | House |
| 19:32 | Build | Watch Tower |
| 19:41 | Build | Watch Tower |
| 19:44 | Create | Villager (Male) |
| 19:47 | Build | House |
| 19:49 | Research | Fletching |
| 19:49 | Research | Fletching |
| 19:49 | Research | Fletching |
| 20:11 | Create | Villager (Male) |
| 20:17 | Create | Villager (Male) |
| 20:19 | Create | Villager (Male) |
| 20:53 | Build | Stone Wall |
| 20:53 | Build | Stone Wall |
| 20:54 | Build | Stone Wall |
| 20:54 | Build | Stone Wall |
| 21:06 | Create | Villager (Male) |
| 21:21 | Build | Watch Tower |
| 21:25 | Create | Villager (Male) |
| 21:45 | Research | Forging |
| 21:45 | Research | Forging |
| 21:46 | Research | Scale Mail Armor |
| 21:48 | Build | Farm |
| 21:50 | Create | Villager (Male) |
| 21:50 | Create | Villager (Male) |
| 21:54 | Research | Horse Collar |
| 21:54 | Research | Horse Collar |
| 21:55 | Create | Villager (Male) |
| 22:19 | Build | Stone Wall |
| 22:29 | Create | Villager (Male) |
| 22:31 | Build | House |
| 22:33 | Build | Farm |
| 22:42 | Create | Villager (Male) |
| 22:47 | Build | Watch Tower |
| 22:51 | Build | Watch Tower |
| 22:57 | Create | Villager (Male) |
| 23:02 | Build | House |
| 23:07 | Build | Farm |
| 23:08 | Create | Villager (Male) |
| 23:13 | Build | Farm |
Build order — [LMB] Vortex
First 150 of 526 actions detected
| 0:01 | Create | Villager (Male) |
| 0:02 | Build | House |
| 0:03 | Build | House |
| 0:11 | Create | Villager (Male) |
| 0:12 | Create | Villager (Male) |
| 0:26 | Create | Villager (Male) |
| 1:24 | Create | Villager (Male) |
| 1:56 | Build | Lumber Camp |
| 1:59 | Create | Villager (Male) |
| 2:00 | Create | Villager (Male) |
| 2:16 | Create | Villager (Male) |
| 2:46 | Create | Villager (Male) |
| 3:09 | Create | Villager (Male) |
| 3:36 | Create | Villager (Male) |
| 3:36 | Create | Villager (Male) |
| 3:52 | Build | House |
| 4:05 | Create | Villager (Male) |
| 4:05 | Create | Villager (Male) |
| 4:22 | Build | House |
| 5:04 | Create | Villager (Male) |
| 5:33 | Build | Mining Camp |
| 5:48 | Research | Loom |
| 6:28 | Research | Feudal Age |
| 6:28 | Research | Feudal Age |
| 7:33 | Build | Barracks |
| 7:38 | Build | Barracks |
| 8:38 | Age | Feudal Age |
| 8:43 | Build | Stable |
| 9:11 | Create | Villager (Male) |
| 9:12 | Research | Double-Bit Axe |
| 9:43 | Create | Scout Cavalry |
| 9:43 | Create | Scout Cavalry |
| 9:47 | Build | Stable |
| 9:50 | Create | Villager (Male) |
| 10:09 | Build | Palisade Wall |
| 10:15 | Build | House |
| 10:35 | Create | Scout Cavalry |
| 10:36 | Create | Scout Cavalry |
| 10:53 | Build | House |
| 11:01 | Create | Villager (Male) |
| 11:03 | Build | Mill |
| 11:17 | Build | House |
| 11:42 | Create | Villager (Male) |
| 11:42 | Create | Villager (Male) |
| 12:20 | Build | Farm |
| 12:21 | Build | Farm |
| 12:21 | Build | Farm |
| 12:21 | Build | Farm |
| 12:21 | Build | Farm |
| 12:22 | Build | Farm |
| 12:56 | Create | Villager (Male) |
| 13:06 | Build | House |
| 13:13 | Build | House |
| 13:30 | Create | Villager (Male) |
| 13:31 | Create | Villager (Male) |
| 13:31 | Create | Villager (Male) |
| 13:34 | Build | Farm |
| 13:41 | Build | Palisade Wall |
| 13:49 | Build | House |
| 13:50 | Build | Palisade Wall |
| 13:51 | Build | Palisade Wall |
| 13:52 | Build | Palisade Wall |
| 13:52 | Build | Palisade Wall |
| 13:59 | Build | House |
| 14:05 | Create | Villager (Male) |
| 14:06 | Create | Villager (Male) |
| 14:30 | Build | Blacksmith |
| 14:47 | Create | Villager (Male) |
| 15:22 | Create | Villager (Male) |
| 15:34 | Create | Villager (Male) |
| 15:37 | Build | House |
| 15:38 | Build | Palisade Wall |
| 15:41 | Create | Villager (Male) |
| 15:47 | Build | Farm |
| 16:01 | Build | Farm |
| 16:03 | Build | Farm |
| 16:21 | Create | Villager (Male) |
| 16:24 | Build | Farm |
| 16:36 | Build | House |
| 16:59 | Build | House |
| 17:12 | Create | Villager (Male) |
| 17:14 | Build | Farm |
| 17:32 | Build | House |
| 17:35 | Build | Palisade Wall |
| 17:38 | Build | Archery Range |
| 17:48 | Build | House |
| 18:29 | Research | Castle Age |
| 18:29 | Research | Castle Age |
| 18:36 | Build | House |
| 18:38 | Create | Skirmisher |
| 18:39 | Create | Skirmisher |
| 19:02 | Build | House |
| 19:06 | Build | Farm |
| 19:27 | Build | Palisade Wall |
| 19:37 | Build | Palisade Wall |
| 19:58 | Create | Archer |
| 20:10 | Build | Farm |
| 20:15 | Create | Archer |
| 21:08 | Age | Castle Age |
| 21:16 | Create | Knight |
| 21:17 | Create | Knight |
| 21:26 | Build | Siege Workshop |
| 21:28 | Create | Scout Cavalry |
| 21:37 | Build | Town Center |
| 21:43 | Research | Scale Barding Armor |
| 21:43 | Research | Scale Barding Armor |
| 22:12 | Create | Mangonel |
| 22:32 | Create | Villager (Male) |
| 22:39 | Create | Villager (Male) |
| 22:54 | Create | Villager (Male) |
| 22:54 | Create | Villager (Male) |
| 23:07 | Create | Villager (Male) |
| 23:08 | Create | Villager (Male) |
| 23:11 | Create | Villager (Male) |
| 23:39 | Research | Chain Barding Armor |
| 24:10 | Create | Villager (Male) |
| 24:11 | Create | Villager (Male) |
| 24:13 | Create | Battering Ram |
| 24:52 | Create | Villager (Male) |
| 25:05 | Create | Villager (Male) |
| 25:05 | Create | Villager (Male) |
| 25:21 | Create | Knight |
| 25:21 | Create | Knight |
| 25:32 | Research | Fletching |
| 25:58 | Create | Villager (Male) |
| 25:59 | Create | Villager (Male) |
| 26:06 | Create | Villager (Male) |
| 26:07 | Create | Villager (Male) |
| 26:07 | Create | Villager (Male) |
| 26:07 | Create | Villager (Male) |
| 26:22 | Build | Mining Camp |
| 26:27 | Create | Villager (Male) |
| 26:36 | Create | Villager (Male) |
| 26:37 | Create | Villager (Male) |
| 27:08 | Build | Town Center |
| 27:10 | Create | Skirmisher |
| 27:10 | Create | Archer |
| 27:11 | Create | Archer |
| 27:17 | Research | Bodkin Arrow |
| 27:22 | Create | Villager (Male) |
| 27:23 | Create | Villager (Male) |
| 27:39 | Create | Villager (Male) |
| 27:40 | Create | Villager (Male) |
| 27:40 | Create | Villager (Male) |
| 27:46 | Build | Lumber Camp |
| 27:49 | Build | Farm |
| 27:50 | Build | Farm |
| 28:02 | Create | Villager (Male) |
| 28:03 | Create | Villager (Male) |
| 28:03 | Create | Villager (Male) |
Match timeline
| 7:33 | [LMB] Vortex · first_building Barracks |
| 8:22 | SUMMER · wall_segment Palisade Wall x12 |
| 8:38 | [LMB] Vortex · age_up feudal |
| 8:43 | [LMB] Vortex · first_building Stable |
| 8:57 | SUMMER · wall_segment Palisade Wall x16 |
| 9:27 | SUMMER · first_building Barracks |
| 9:33 | SUMMER · wall_segment Palisade Wall x1 |
| 9:51 | SUMMER · wall_segment Palisade Wall x4 |
| 10:08 | SUMMER · age_up feudal |
| 10:09 | [LMB] Vortex · wall_segment Palisade Wall x1 |
| 13:31 | SUMMER · wall_segment Palisade Wall x1 |
| 13:38 | SUMMER · wall_segment Palisade Wall x4 |
| 13:41 | [LMB] Vortex · wall_segment Palisade Wall x8 |
| 13:50 | [LMB] Vortex · wall_segment Palisade Wall x1 |
| 13:51 | [LMB] Vortex · wall_segment Palisade Wall x1 |
| 13:52 | [LMB] Vortex · wall_segment Palisade Wall x1 |
| 13:52 | [LMB] Vortex · wall_segment Palisade Wall x1 |
| 13:55 | SUMMER · wall_segment Palisade Wall x18 |
| 14:15 | SUMMER · wall_segment Palisade Wall x9 |
| 15:38 | [LMB] Vortex · wall_segment Palisade Wall x1 |
| 17:35 | [LMB] Vortex · wall_segment Palisade Wall x1 |
| 17:38 | [LMB] Vortex · first_building Archery Range |
| 19:27 | [LMB] Vortex · wall_segment Palisade Wall x1 |
| 19:37 | [LMB] Vortex · wall_segment Palisade Wall x1 |
| 20:53 | SUMMER · wall_segment Stone Wall x1 |
| 20:53 | SUMMER · wall_segment Stone Wall x1 |
| 20:54 | SUMMER · wall_segment Stone Wall x1 |
| 20:54 | SUMMER · wall_segment Stone Wall x2 |
| 21:08 | [LMB] Vortex · age_up castle |
| 21:26 | [LMB] Vortex · first_building Siege Workshop |
| 22:19 | SUMMER · wall_segment Stone Wall x1 |
| 25:55 | SUMMER · first_building Stable |
| 27:40 | SUMMER · wall_segment Palisade Wall x1 |
| 27:41 | SUMMER · wall_segment Palisade Wall x2 |
| 27:41 | SUMMER · wall_segment Palisade Wall x1 |
| 27:41 | SUMMER · wall_segment Palisade Wall x2 |
| 27:41 | SUMMER · wall_segment Palisade Wall x2 |
| 27:42 | SUMMER · wall_segment Palisade Wall x1 |
| 27:42 | SUMMER · wall_segment Palisade Wall x1 |
| 27:42 | SUMMER · wall_segment Palisade Wall x2 |
| 27:43 | SUMMER · wall_segment Palisade Wall x2 |
| 28:53 | SUMMER · first_market_buy 100 wood |
| 28:59 | SUMMER · wall_segment Palisade Wall x1 |
| 29:00 | SUMMER · wall_segment Palisade Wall x1 |
| 29:00 | SUMMER · wall_segment Palisade Wall x2 |
| 29:00 | SUMMER · wall_segment Palisade Wall x2 |
| 29:01 | SUMMER · wall_segment Palisade Wall x1 |
| 29:01 | SUMMER · age_up castle |
| 29:01 | SUMMER · wall_segment Palisade Wall x2 |
| 29:04 | [LMB] Vortex · wall_segment Palisade Wall x1 |
| 31:11 | [LMB] Vortex · first_building Monastery |
| 32:02 | [LMB] Vortex · first_building Castle |
| 33:43 | SUMMER · wall_segment Palisade Wall x2 |
| 33:43 | SUMMER · wall_segment Palisade Wall x3 |
| 33:44 | SUMMER · wall_segment Palisade Wall x2 |
| 36:58 | SUMMER · first_building Monastery |
| 42:59 | SUMMER · first_building Archery Range |
| 43:24 | SUMMER · first_building Siege Workshop |
| 45:13 | SUMMER · first_building Castle |
| 46:04 | SUMMER · age_up imperial |
| 46:07 | [LMB] Vortex · age_up imperial |
| 61:30 | [LMB] Vortex · resign |
[ AI ANALYSIS · 1 CREDIT ]
What really happened in this match?
Wolo.gg analyzes every decision: build order, eco, micro, common mistakes by bracket. Personalized analysis on WhatsApp or Discord in 30 seconds.
Civ guide
Byzantines
Perfil
Jugador #25845906